PA
CHICAGO TULA @ ATHLETIC CLUB KC U-21
06/19/2028
 
TOP OF THE 1ST
Chicago Tula batting - Pitching for Athletic Club KC U-21 : RHP Ismael Calderón
Pitching: RHP Ismael Calderón
Batting: RHB Santiago Valentín 0-0: Ball
1-0: Swinging Strike
1-1: Fly out, F7 (Flyball, 78M)
Batting: RHB Micheal Lovell 0-0: Foul Ball, location: 2F
0-1: Called Strike
0-2: Fly out, F8 (Line Drive, 8LM)
Batting: RHB Tommy Socorro 0-0: Ball
1-0: Ball
2-0: Foul Ball, location: 2F
2-1: Ball
3-1: Called Strike
3-2: Strikes out looking
Top of the 1st over - 0 run(s), 0 hit(s), 0 error(s), 0 left on base; Chicago 0 - Athletic Club KC 0
BOTTOM OF THE 1ST
Athletic Club KC U-21 batting - Pitching for Chicago Tula : LHP Jeff Enamorado
Pitching: LHP Jeff Enamorado
Batting: RHB Tae-kyun Chon 0-0: Ball
1-0: Called Strike
1-1: Called Strike
1-2: SINGLE (Groundball, 56D)
Batting: LHB Takayuki Yoshikawa 0-0: Ball
1-0: Ball
2-0: Ball
3-0: Base on Balls
Tae-kyun Chon to second
Batting: LHB Wu-shun Chu 0-0: Ball
1-0: Ball
Tae-kyun Chon is caught stealing 3rd base
Takayuki Yoshikawa to second
2-0: Called Strike
2-1: SINGLE (Flyball, 9S)
Takayuki Yoshikawa to third
Runner from 3rd tries for Home, throw and OUT!
Wu-shun Chu to second
Batting: RHB Tasuku Goto 0-0: Called Strike
0-1: Fly out, F8 (Flyball, 78M)
Bottom of the 1st over - 0 run(s), 2 hit(s), 0 error(s), 1 left on base; Chicago 0 - Athletic Club KC 0
TOP OF THE 2ND
Chicago Tula batting - Pitching for Athletic Club KC U-21 : RHP Ismael Calderón
Batting: RHB Zahid Kashani 0-0: Called Strike
0-1: Foul Ball, location: 2F
0-2: Ball
1-2: Strikes out swinging
Batting: RHB Rand McNally 0-0: SINGLE (Line Drive, 34D)
Batting: LHB Raphaël Duval 0-0: Ball
Rand McNally steals 2nd base
1-0: Ball
2-0: Foul Ball, location: 2F
2-1: Foul Ball, location: 2F
2-2: Foul Ball, location: 2F
2-2: Foul Ball, location: 2F
2-2: Ball
3-2: Foul Ball, location: 2F
3-2: Strikes out swinging, 2-3 out at first.
Batting: RHB Alfonso Morín 0-0: Ball
1-0: Called Strike
1-1: Ball
2-1: Ball
3-1: Called Strike
3-2: Foul Ball, location: 2F
3-2: Base on Balls
Batting: RHB Rubén Arce 0-0: Fly out, F8 (Flyball, 8LD)
Top of the 2nd over - 0 run(s), 1 hit(s), 0 error(s), 2 left on base; Chicago 0 - Athletic Club KC 0
BOTTOM OF THE 2ND
Athletic Club KC U-21 batting - Pitching for Chicago Tula : LHP Jeff Enamorado
Batting: LHB Chi-hun Chong 0-0: Foul Ball, location: 2F
0-1: Called Strike
0-2: Ball
1-2: Foul Ball, location: 2F
1-2: Fly out, F8 (Flyball, 8RS)
Batting: RHB Colin Bottone 0-0: Ball
1-0: Ground out 5-3 (Groundball, 56)
Batting: RHB Roberto Romero 0-0: Called Strike
0-1: Ball
1-1: Ground out 5-3 (Groundball, 56)
Bottom of the 2nd over - 0 run(s), 0 hit(s), 0 error(s), 0 left on base; Chicago 0 - Athletic Club KC 0
TOP OF THE 3RD
Chicago Tula batting - Pitching for Athletic Club KC U-21 : RHP Ismael Calderón
Batting: RHB Edgar Baeza 0-0: Ball
1-0: Ball
2-0: SINGLE (Groundball, 6D)
Batting: RHB Santiago Valentín 0-0: Swinging Strike
0-1: Ball
1-1: Ball
2-1: Foul Ball, location: 2F
2-2: Strikes out swinging
Batting: RHB Micheal Lovell 0-0: Fly out, F8 (Flyball, 8RS)
Batting: RHB Tommy Socorro 0-0: Called Strike
0-1: Called Strike
0-2: Strikes out looking
Top of the 3rd over - 0 run(s), 1 hit(s), 0 error(s), 1 left on base; Chicago 0 - Athletic Club KC 0
BOTTOM OF THE 3RD
Athletic Club KC U-21 batting - Pitching for Chicago Tula : LHP Jeff Enamorado
Batting: RHB Troy Whitehurst 0-0: Called Strike
0-1: Ball
1-1: Ball
2-1: Ball
3-1: Called Strike
3-2: Foul Ball, location: 2F
3-2: Base on Balls
Batting: RHB Dewey Nauss 0-0: Ball
1-0: TRIPLE (Flyball, 78D)
Troy Whitehurst scores
Batting: RHB Tae-kyun Chon 0-0: Foul Ball, location: 2F
0-1: 2-RUN HOME RUN (Flyball, 7D), Distance : 386 ft
Batting: LHB Takayuki Yoshikawa 0-0: Called Strike
0-1: Ball
1-1: Fly out, F7 (Flyball, 5D)
Batting: LHB Wu-shun Chu 0-0: Called Strike
0-1: DOUBLE (Groundball, 3L)
Batting: RHB Tasuku Goto 0-0: Called Strike
0-1: Ball
1-1: Reached on error, E7 (Line Drive, 7)
Wu-shun Chu to third
Batting: LHB Chi-hun Chong 0-0: Ball
1-0: Fly out, F9 (Flyball, 9S)
Batting: RHB Colin Bottone 0-0: Called Strike
0-1: Ball
Tasuku Goto steals 2nd base
1-1: Ball
2-1: Foul Ball, location: 2F
2-2: Foul Ball, location: 2F
2-2: Strikes out swinging
Bottom of the 3rd over - 3 run(s), 3 hit(s), 1 error(s), 2 left on base; Chicago 0 - Athletic Club KC 3
TOP OF THE 4TH
Chicago Tula batting - Pitching for Athletic Club KC U-21 : RHP Ismael Calderón
Batting: RHB Zahid Kashani 0-0: Called Strike
0-1: Fly out, F8 (Flyball, 78M)
Batting: RHB Rand McNally 0-0: Called Strike
0-1: Ball
1-1: Foul Ball, location: 2F
1-2: Strikes out swinging
Batting: LHB Raphaël Duval 0-0: Ball
1-0: Ball
2-0: Ball
3-0: Called Strike
3-1: Base on Balls
Batting: RHB Alfonso Morín 0-0: Ball
1-0: Called Strike
1-1: Fly out, F5 (Popup, 5S)
Top of the 4th over - 0 run(s), 0 hit(s), 0 error(s), 1 left on base; Chicago 0 - Athletic Club KC 3
BOTTOM OF THE 4TH
Athletic Club KC U-21 batting - Pitching for Chicago Tula : LHP Jeff Enamorado
Batting: RHB Roberto Romero 0-0: Called Strike
0-1: Foul Ball, location: 2F
0-2: Foul Ball, location: 2F
0-2: Strikes out swinging
Batting: RHB Troy Whitehurst 0-0: Fly out, F7 (Flyball, 7)
Batting: RHB Dewey Nauss 0-0: SINGLE (Line Drive, 7LM)
Batting: RHB Tae-kyun Chon 0-0: Called Strike
0-1: Ball
1-1: Reached on error, E6 (Groundball, 6)
Dewey Nauss to second
Batting: LHB Takayuki Yoshikawa 0-0: Swinging Strike
0-1: Swinging Strike
0-2: Ball
1-2: DOUBLE (Line Drive, 78M)
Dewey Nauss scores
Tae-kyun Chon to third
Runner from 3rd tries for Home, SAFE, no throw
Batting: LHB Wu-shun Chu 0-0: Called Strike
0-1: Ball
1-1: Swinging Strike
1-2: Foul Ball, location: 2F
1-2: Ball
2-2: Ball
3-2: Foul Ball, location: 2F
3-2: Base on Balls
Batting: RHB Tasuku Goto 0-0: Ball
1-0: Swinging Strike
1-1: Fly out, F8 (Flyball, 8LS)
Bottom of the 4th over - 2 run(s), 2 hit(s), 1 error(s), 2 left on base; Chicago 0 - Athletic Club KC 5
TOP OF THE 5TH
Chicago Tula batting - Pitching for Athletic Club KC U-21 : RHP Ismael Calderón
Batting: RHB Rubén Arce 0-0: Foul Ball, location: 2F
0-1: Foul Ball, location: 2F
0-2: Ball
1-2: Ground out 5-3 (Groundball, 5S)
Batting: RHB Edgar Baeza 0-0: Ball
1-0: SINGLE (Flyball, 89S)
Batting: RHB Santiago Valentín 0-0: Foul Ball, location: 2F
0-1: DOUBLE (Line Drive, 78M)
Edgar Baeza to third
Runner from 3rd tries for Home, throw and OUT!
Santiago Valentín to third
Batting: RHB Micheal Lovell 0-0: Ball
1-0: SINGLE (Line Drive, 9LS)
Santiago Valentín scores
Batting: RHB Tommy Socorro 0-0: Swinging Strike
0-1: Ball
Wild Pitch!
Micheal Lovell to second
1-1: Ball
2-1: Swinging Strike
2-2: Foul Ball, location: 2F
2-2: Strikes out swinging
Top of the 5th over - 1 run(s), 3 hit(s), 0 error(s), 1 left on base; Chicago 1 - Athletic Club KC 5
BOTTOM OF THE 5TH
Athletic Club KC U-21 batting - Pitching for Chicago Tula : LHP Jeff Enamorado
Batting: LHB Chi-hun Chong 0-0: Ball
1-0: Swinging Strike
1-1: Called Strike
1-2: Foul Ball, location: 2F
1-2: Ball
2-2: SINGLE (Flyball, 78S)
Batting: RHB Colin Bottone 0-0: Bunt missed!
0-1: Bunted foul
0-2: Foul Ball, location: 2F
0-2: Fly out, F6 (Popup, 6)
Batting: RHB Roberto Romero 0-0: Ball
1-0: Grounds into double play, 4-6-3 (Groundball, 4)
Bottom of the 5th over - 0 run(s), 1 hit(s), 0 error(s), 0 left on base; Chicago 1 - Athletic Club KC 5
TOP OF THE 6TH
Chicago Tula batting - Pitching for Athletic Club KC U-21 : RHP Ismael Calderón
Batting: RHB Zahid Kashani 0-0: Called Strike
0-1: Foul Ball, location: 2F
0-2: Ball
1-2: Foul Ball, location: 2F
1-2: Ball
2-2: Fly out, F8 (Flyball, 8LM)
Batting: RHB Rand McNally 0-0: Foul Ball, location: 2F
0-1: Ball
1-1: Foul Ball, location: 2F
1-2: Foul Ball, location: 2F
1-2: Fly out, F8 (Flyball, 89S)
Batting: LHB Raphaël Duval 0-0: Ball
1-0: Ball
2-0: Ball
3-0: Called Strike
3-1: Swinging Strike
3-2: Base on Balls
Batting: RHB Alfonso Morín 0-0: Fly out, F9 (Flyball, 9)
Top of the 6th over - 0 run(s), 0 hit(s), 0 error(s), 1 left on base; Chicago 1 - Athletic Club KC 5
BOTTOM OF THE 6TH
Athletic Club KC U-21 batting - Pitching for Chicago Tula : LHP Jeff Enamorado
Batting: RHB Troy Whitehurst 0-0: Swinging Strike
0-1: DOUBLE (Flyball, 78D)
Batting: RHB Dewey Nauss 0-0: Intentional Walk
Batting: RHB Tae-kyun Chon 0-0: Ball
1-0: Sac Bunt - play at first, batter OUT! 1-3
Troy Whitehurst to third
Dewey Nauss to second
Batting: LHB Takayuki Yoshikawa 0-0: Ground out 4-3 (Groundball, 4)
Troy Whitehurst scores
Dewey Nauss to third
Pitching: RHP Lucas Tweed
Batting: LHB Wu-shun Chu 0-0: Foul Ball, location: 2F
0-1: Fly out, F7 (Flyball, 7S)
Bottom of the 6th over - 1 run(s), 1 hit(s), 0 error(s), 1 left on base; Chicago 1 - Athletic Club KC 6
TOP OF THE 7TH
Chicago Tula batting - Pitching for Athletic Club KC U-21 : RHP Ismael Calderón
Batting: RHB Rubén Arce 0-0: Foul Ball, location: 2F
0-1: Swinging Strike
0-2: Strikes out looking
Batting: RHB Edgar Baeza 0-0: Ball
1-0: Foul Ball, location: 2F
1-1: Foul Ball, location: 2F
1-2: Strikes out looking
Batting: RHB Santiago Valentín 0-0: Swinging Strike
0-1: Ball
1-1: Ball
2-1: Swinging Strike
2-2: Strikes out swinging
Top of the 7th over - 0 run(s), 0 hit(s), 0 error(s), 0 left on base; Chicago 1 - Athletic Club KC 6
BOTTOM OF THE 7TH
Athletic Club KC U-21 batting - Pitching for Chicago Tula : RHP Lucas Tweed
Batting: RHB Tasuku Goto 0-0: Fly out, F7 (Flyball, 7S)
Batting: LHB Chi-hun Chong 0-0: Ball
1-0: Called Strike
1-1: Fly out, F7 (Flyball, 78M)
Batting: RHB Colin Bottone 0-0: Swinging Strike
0-1: Swinging Strike
0-2: Strikes out looking
Bottom of the 7th over - 0 run(s), 0 hit(s), 0 error(s), 0 left on base; Chicago 1 - Athletic Club KC 6
TOP OF THE 8TH
Chicago Tula batting - Pitching for Athletic Club KC U-21 : RHP Ismael Calderón
Now at 2B: Ijsbrand van Hoogewegen
Now in LF: Arturo Annunziato
Batting: RHB Micheal Lovell 0-0: Ball
1-0: Foul Ball, location: 2F
1-1: Foul Ball, location: 2F
1-2: Foul Ball, location: 2F
1-2: Ball
2-2: Ground out 4-3 (Groundball, 4S)
Batting: RHB Tommy Socorro 0-0: Ball
1-0: Foul Ball, location: 2F
1-1: Ball
2-1: Swinging Strike
2-2: Strikes out swinging
Batting: RHB Zahid Kashani 0-0: Ball
1-0: SINGLE (Line Drive, 6)
Batting: RHB Rand McNally 0-0: Foul Ball, location: 2F
0-1: Foul Ball, location: 2F
0-2: Ball
1-2: Strikes out looking
Top of the 8th over - 0 run(s), 1 hit(s), 0 error(s), 1 left on base; Chicago 1 - Athletic Club KC 6
BOTTOM OF THE 8TH
Athletic Club KC U-21 batting - Pitching for Chicago Tula : RHP Lucas Tweed
Batting: RHB Roberto Romero 0-0: Called Strike
0-1: Swinging Strike
0-2: Reached via error on a dropped throw, E3
Batting: RHB Troy Whitehurst 0-0: Ball
1-0: Called Strike
1-1: Ball
2-1: Called Strike
2-2: Ball
3-2: DOUBLE (Line Drive, 7LD)
Roberto Romero to third
Batting: RHB Dewey Nauss 0-0: Ball
1-0: Swinging Strike
1-1: Called Strike
1-2: Strikes out looking
Batting: RHB Tae-kyun Chon 0-0: Ground out 6-3 (Groundball, 6)
Roberto Romero scores
Batting: LHB Takayuki Yoshikawa 0-0: Called Strike
0-1: Ball
1-1: Ground out 5-3 (Groundball, 56)
Bottom of the 8th over - 1 run(s), 1 hit(s), 1 error(s), 1 left on base; Chicago 1 - Athletic Club KC 7
TOP OF THE 9TH
Chicago Tula batting - Pitching for Athletic Club KC U-21 : RHP Ismael Calderón
Pitching: RHP Ánibal Acejedo
Batting: LHB Raphaël Duval 0-0: Ball
1-0: Ball
2-0: Swinging Strike
2-1: Ball
3-1: Base on Balls
Batting: RHB Alfonso Morín 0-0: Swinging Strike
0-1: Ball
1-1: Ball
2-1: Swinging Strike
2-2: Foul Ball, location: 2F
2-2: Strikes out swinging
Batting: RHB Rubén Arce 0-0: Called Strike
0-1: Foul Ball, location: 2F
0-2: Ball
1-2: Strikes out swinging
Batting: RHB Edgar Baeza 0-0: Ball
1-0: Ball
2-0: Foul Ball, location: 2F
2-1: Swinging Strike
2-2: Ball
3-2: Base on Balls
Raphaël Duval to second
Batting: RHB Santiago Valentín 0-0: Called Strike
0-1: Ball
1-1: Ball
2-1: Swinging Strike
2-2: Foul Ball, location: 2F
2-2: Strikes out swinging
Top of the 9th over - 0 run(s), 0 hit(s), 0 error(s), 2 left on base; Chicago 1 - Athletic Club KC 7
Monday, July 24th, 2017 - OOTP Baseball 17.12 Build 75